 Dungeon Crawl Stone Soup version 0.26.0-10-g1f06aea511 (webtiles) character file.

Game seed: 9948229284864179973

735 Amaterasu the Chopper (level 7, -3/44 HPs)
             Began as a Gargoyle Fighter on Jan 24, 2021.
             Was an Initiate of Makhleb.
             Killed from afar by Pikel (6 damage)
             ... with a bolt of acid
             ... on level 5 of the Dungeon.
             The game lasted 00:07:14 (3885 turns).

Amaterasu the Chopper (Gargoyle Fighter)            Turns: 3885, Time: 00:07:14

Health: -3/44      AC: 15    Str: 21    XL:     7   Next: 74%
Magic:  7/7        EV: 12    Int:  9    God:    Makhleb [......]
Gold:   304        SH: 10    Dex: 15    Spells: 6/6 levels left

rFire    . . .     SeeInvis .   a - +0 war axe
rCold    . . .     Faith    .   c - +0 kite shield
rNeg     + . .     Spirit   .   b - +0 scale mail
rPois    ∞         Reflect  .   k - +2 hat
rElec    +         Harm     .   n - +0 cloak
rCorr    .         Rampage  .   (no gloves)
Will     .....                  (no boots)
Stlth    ..........             (no amulet)
HPRegen  0.14/turn              o - +6 ring of dexterity
MPRegen  0.10/turn              j - +4 ring of evasion

@: invisible
A: negative energy resistance 1, electricity resistance, unbreathing,
petrification resistance, miasma immunity, AC +4
a: Renounce Religion


You were on level 5 of the Dungeon.
You worshipped Makhleb.
Makhleb was noncommittal.
You visited 2 branches of the dungeon, and saw 6 of its levels.

You collected 304 gold pieces.

Inventory:

Hand Weapons
 a - a +0 war axe (weapon)
Armour
 b - a +0 scale mail (worn)
 c - a +0 kite shield (worn)
 k - a +2 hat (worn)
 n - a +0 cloak (worn)
Jewellery
 j - a +4 ring of evasion (right hand)
 m - an uncursed ring of resist corrosion
 o - a +6 ring of dexterity (left hand)
 p - an uncursed ring of wizardry
Wands
 i - a wand of polymorph (9)
 q - a wand of flame (18)
 u - a wand of acid (8)
Scrolls
 e - 3 scrolls of remove curse
 g - a scroll of blinking
 h - a scroll of amnesia
 w - a scroll of identify
Potions
 d - 4 potions of might
 l - 2 potions of haste
 r - 3 potions of flight {unknown}
 s - 6 potions of curing
 t - a potion of attraction {unknown}
 v - a potion of resistance {unknown}


   Skills:
 - Level 5.0 Fighting
 * Level 6.1 Axes
 * Level 3.8 Armour
 * Level 1.0 Dodging
 * Level 4.1 Shields
 * Level 1.1 Invocations
 * Level 1.0 Evocations


You had 6 spell levels left.
You didn't know any spells.
Your spell library contained the following spells:

 Spells                   Type           Power        Failure   Level
 Corpse Rot               Necr/Air       N/A          100%        2
 Dispel Undead            Necr           0%           100%        4
 Agony                    Necr           0%           100%        5
 Excruciating Wounds      Necr           0%           100%        5
 Sublimation of Blood     Necr           Unusable     N/A         2

Dungeon Overview and Level Annotations

Branches:
Dungeon (5/15)             Temple (1/1) D:4

Altars:
Ashenzari
Elyvilon
Gozag
Hepliaklqana
Kikubaaqudgha
Makhleb
Qazlal
Ru
Sif Muna
Trog
Uskayaw
Vehumet
Xom
Zin
The Shining One

Annotations:
D:5 Pikel


Innate Abilities, Weirdness & Mutations

You are resistant to torment.
Your stone body is resilient. (AC +4)
You are immune to poison.
You resist negative energy. (rN+)
You are resistant to electric shocks. (rElec)
You can survive without breathing.
You are immune to petrification.
You are immune to miasma.


Message History

The lemure is moderately wounded.
Press: ? - help, v - describe, . - travel
Here: Pikel, wielding a +2 whip of freezing, wearing a +0 robe and carrying a wand of acid (9)
The floor.
You hit Pikel but do no damage. You block Pikel's attack.
You barely miss Pikel. You block Pikel's attack.
You hit Pikel.
Pikel is lightly wounded.
Pikel hits you but does no damage.
You closely miss Pikel.
Pikel is lightly wounded.
Pikel closely misses you.
Pikel zaps a wand.
The bolt of acid hits you!!
Ouch! That really hurt!
You are splashed with acid!
* * * LOW HITPOINT WARNING * * *
The bolt of acid hits the fungus!!
The fungus is splashed with acid.
The acid corrodes the fungus!
The fungus begins to die.
You fade into invisibility!
Pikel zaps a wand.
The bolt of acid hits you.
You die...

.####
####...#.....# ##
##.##..##.# #
###...##.# #..###.#
#..# #.# # #.†###.#
##. #####.....#
###..5###...#.#####
....55K@..P...#
###..5###...### ##.
##### #


You could see Pikel and 4 lemures.

Vanquished Creatures
  A sky beast (D:5)
  A necrophage (D:5)
  A howler monkey (D:4)
  2 orc priests
  4 orc wizards
  2 hounds (D:4)
  2 worker ants (D:4)
  A hound skeleton (D:5)
  Robin (D:3)
  3 gnolls (D:3)
  3 adders
  An ufetubus (D:5)
  An ooze (D:1)
  5 worms
  5 dart slugs
  7 leopard geckos
  7 orcs
  6 bats
  3 giant cockroaches
  25 goblins
  7 hobgoblins
  7 jackals
  4 quokkas
  6 frilled lizards
  10 kobolds
  16 rats
131 creatures vanquished.

Notes
Turn   | Place    | Note
-------+----------+-------------------------------------------
     0 | D:1      | Amaterasu the Gargoyle Fighter began the quest for the Orb.
     0 | D:1      | Reached XP level 1. HP: 14/14 MP: 1/1
    69 | D:1      | Reached skill level 2 in Axes
   111 | D:1      | Reached XP level 2. HP: 14/19 MP: 2/2
   402 | D:1      | Reached skill level 3 in Axes
   418 | D:1      | Reached XP level 3. HP: 23/23 MP: 3/3
  1001 | D:2      | Reached XP level 4. HP: 26/28 MP: 4/4
  1011 | D:2      | Reached skill level 4 in Axes
  1291 | D:2      | Found a radiant altar of Vehumet.
  1613 | D:3      | Reached XP level 5. HP: 32/32 MP: 5/5
  1639 | D:3      | Reached skill level 5 in Axes
  2051 | D:3      | Reached XP level 6. HP: 39/39 MP: 6/6
  2057 | D:3      | Noticed Robin
  2083 | D:3      | Killed Robin
  2221 | D:3      | Reached skill level 5 in Fighting
  2702 | D:4      | Found a stormy altar of Qazlal.
  3019 | D:4      | Found a staircase to the Ecumenical Temple.
  3030 | Temple   | Entered the Ecumenical Temple
  3048 | Temple   | Became a worshipper of Makhleb the Destroyer
  3103 | D:4      | Reached XP level 7. HP: 28/44 MP: 7/7
  3510 | D:5      | Entered Level 5 of the Dungeon
  3528 | D:5      | Found a shimmering altar of Xom.
  3636 | D:5      | Found a hide-covered altar of Uskayaw.
  3639 | D:5      | Noticed a +0 dagger
  3639 | D:5      | Noticed a +0 dagger
  3731 | D:5      | Reached skill level 6 in Axes
  3731 | D:5      | Reached skill level 1 in Dodging
  3731 | D:5      | Reached skill level 1 in Invocations
  3731 | D:5      | Reached skill level 1 in Evocations
  3754 | D:5      | Found an ancient bone altar of Kikubaaqudgha.
  3872 | D:5      | Found a white marble altar of Elyvilon.
  3876 | D:5      | Noticed Pikel
  3884 | D:5      | HP: 2/44 [acid (14)]
  3885 | D:5      | Killed from afar by Pikel

Illustrated notes

Levels and vault maps discovered:
D:1:      kilobyte_arrival_exit_the_forest, layout_rooms
D:2:      layout_basic, marbit_many_paths
D:3:      layout_basic, uniq_robin
D:4:      layout_basic, nicolae_qazlal_general_emergency,
          minmay_temple_entry_mist
D:5:      layout_loops_corners, old_standard_altar, kiku_gazebo_pond_becter,
          elyvilon_altar_1, dancing_weapons_uskayaw, serial_bayou_pond_e,
          nemelex_lonely_heart_becter, uniq_pikel
Temple:   eino_temple_rhombus

Skill      XL: |  1  2  3  4  5  6  7 |
---------------+----------------------+-----
Axes           | 2 3 4 5 6 |  6.1
Fighting       | 4 5 |  5.0
Dodging        | 1 |  1.0
Shields        | 4 |  4.1
Invocations    | 1 |  1.1
Evocations     | 1 |  1.0
Armour         | |  3.8

Action                   |  1- 3 |  4- 6 |  7- 9 || total
-------------------------+-------+-------+-------++-------
Melee: War axe           |   100 |   242 |    68 ||   410
  Use: Scroll            |     5 |     3 |     1 ||     9
       Potion            |       |     1 |     1 ||     2
Armor: Scale mail        |    65 |   147 |    27 ||   239
Dodge: Dodged            |    33 |    88 |    26 ||   147
Block: Kite shield       |    61 |   153 |    29 ||   243
